 Dungeon Crawl Stone Soup version 0.30-a0-989-g0d87f670db (webtiles) character file.

Game seed: 13219367423837952415

1906 Jeffwins the Skirmisher (level 9, -1/57 HPs)
             Began as a Human Wanderer on Apr 3, 2023.
             Was a Follower of Vehumet.
             Slain by a sky beast (3 damage)
             ... on level 6 of the Dungeon.
             The game lasted 00:11:06 (5886 turns).

Jeffwins the Skirmisher (Human Wanderer)            Turns: 5886, Time: 00:11:06

Health: -1/57      AC:  7    Str:  9 (10) XL:     9   Next: 38%
Magic:  13/13      EV: 10    Int: 27 (28) God:    Vehumet [*.....]
Gold:   86         SH:  0    Dex: 16      Spells: 13/14 levels left

rFire   . . .      SeeInvis .    a - +2 sling
rCold   . . .      Faith    .    (no shield)
rNeg    . . .      Spirit   .    m - +0 leather armour
rPois   .          Reflect  .    (no helmet)
rElec   .          Rampage  .    E - +2 cloak
rCorr   .                        (no gloves)
Will    .....                    z - +0 pair of boots
Stlth   +++                      (no amulet)
HPRegen 0.29/turn                I - +6 ring of intelligence
MPRegen 0.13/turn                i - +6 ring of intelligence

@: no status effects
A: no striking features
a: Renounce Religion


You were on level 6 of the Dungeon.
You worshipped Vehumet.
Vehumet was aware of your devotion.
You visited 2 branches of the dungeon, and saw 7 of its levels.

You collected 374 gold pieces.
You spent 288 gold pieces at shops.


   Skills:
 * Level 8.1 Ranged Weapons
 + Level 4.7 Stealth
 + Level 3.2 Spellcasting
 - Level 2.0 Hexes
 * Level 6.0 Ice Magic
 + Level 5.3 Evocations


You had 13 spell levels left.
You knew the following spells:

 Your Spells              Type           Power      Damage    Failure   Level
s - Slow                  Hex            60%        N/A       5%          1

Your spell library contained the following spells:

 Spells                   Type           Power      Damage    Failure   Level
 Shock                    Conj/Air       16%        1d4       12%         1
 Ozocubu's Armour         Ice            36%        N/A       3%          3
 Foxfire                  Conj/Fire      16%        2x1d2     12%         1
 Summon Guardian Golem    Hex/Summ       9%         N/A       24%         3
 Cause Fear               Hex            7%         N/A       47%         4
 Fireball                 Conj/Fire      2%         3d4       98%         5
 Summon Forest            Summ/Tloc      2%         N/A       98%         5
 Eringya's Noxious Bog    Tmut/Pois      2%         N/A       100%        6
 Starburst                Conj/Fire      2%         6d3       100%        6
 Dragon Form              Tmut           2%         N/A       100%        7
 Ozocubu's Refrigeration  Ice            18%        4d11      100%        7
 Summon Hydra             Summ           2%         N/A       100%        7
 Dragon's Call            Summ           2%         N/A       100%        9

Inventory:

Hand Weapons
 a - a +2 sling (weapon)
 b - a +4 dagger
 u - a +2 dagger of venom
Armour
 m - a +0 leather armour (worn)
 z - a +0 pair of boots (worn)
 B - a +0 ring mail of willpower
 E - a +2 cloak (worn)
 M - the +0 ring mail "Ralai" {Int+4}
   (You bought it in a shop on level 6 of the Dungeon)

   Int:       It affects your intelligence (+4).
Magical Staves
 v - a staff of air
Jewellery
 c - a ring of protection from cold
 i - a +6 ring of intelligence (right hand)
 C - a ring of protection from cold
 I - a +6 ring of intelligence (left hand)
 L - a ring of flight
 N - a ring of positive energy
Wands
 g - a wand of digging (6)
 A - a wand of roots (7)
Scrolls
 e - a scroll of vulnerability {unknown}
 j - a scroll of acquirement {unknown}
 k - 2 scrolls of magic mapping {unknown}
 o - a scroll of torment {unknown}
 p - a scroll of noise {unknown}
 q - a scroll of blinking {unknown}
 s - a scroll of poison {unknown}
 t - 2 scrolls of enchant weapon {unknown}
 w - 2 scrolls of immolation {unknown}
 y - 6 scrolls of identify {unknown}
 G - a scroll of fog {unknown}
 K - a scroll of teleportation {unknown}
Potions
 d - a potion of flight {unknown}
 h - a potion of might {unknown}
 l - a potion of berserk rage {unknown}
 n - a potion of haste {@q3}
 r - 2 potions of degeneration {!q}
 x - a potion of attraction {!q}
 D - a potion of brilliance {unknown}
 F - a potion of experience {unknown}
 H - 2 potions of curing {@q1}
 J - a potion of heal wounds {unknown}
Miscellaneous
 f - a piece from Xom's chessboard (15/15)

Dungeon Overview and Level Annotations

Branches:
Dungeon (6/15)             Temple (1/1) D:4

Altars:
Ashenzari
Cheibriados
Dithmenos
Fedhas
Gozag
Hepliaklqana
Kikubaaqudgha
Makhleb
Okawaru
Qazlal
Ru
Sif Muna
Trog
Uskayaw
Vehumet
Wu Jian
Xom
Yredelemnul
The Shining One

Shops:
D:6 [

Annotations:
D:6 Maggie

####....# #..'....# #..#....# .
#..#....###### .. #..#####.....#
... #......#.....# ....
#......#.....# .....
#..#####.....####......
###..###.##.....@{....... #
..........#.............. #
..........#.............. #
..........#.............. #
..........#..............####+###
..........#....................##
####..#####....................#.
####..# ..##+#######+##......#.
......# #......'.


There were no monsters in sight!


Message History

You shoot a sling bullet. Something hits you. Something shocks you.
You shoot a sling bullet. Something hits you.
* * * LOW HITPOINT WARNING * * *
Something shocks you.
* * * LOW HITPOINT WARNING * * *
Something hits you but does no damage.
You shoot a sling bullet. Something hits you.
* * * LOW HITPOINT WARNING * * *
Something shocks you.
* * * LOW HITPOINT WARNING * * *
You shoot a sling bullet. Something hits you.
* * * LOW HITPOINT WARNING * * *
Something shocks you.
* * * LOW HITPOINT WARNING * * *
You shoot a sling bullet. Something hits you but does no damage.
Unknown command.
Okay, then.
Unknown command.
Aiming: Fastroot
Press: ? - help, Shift-Dir - straight line The roots erupt in riotous growth!
You hear an angry growl.
Something hits you.
* * * LOW HITPOINT WARNING * * *
Something shocks you.
* * * LOW HITPOINT WARNING * * *
Aiming: Fastroot
Press: ? - help, Shift-Dir - straight line, f - you The roots erupt in riotous growth!
Something hits you.
You die...

Skill      XL: |  1  2  3  4  5  6  7  8  9 |
---------------+----------------------------+-----
Stealth        | 1 2 3 4 |  4.7
Ice Magic      | 2 3 4 5 6 |  6.0
Ranged Weapons | 6 7 8 |  8.1
Hexes          | 2 |  2.0
Evocations     | 4 5 |  5.3
Spellcasting   | 2 3 |  3.2

Action                     |  1- 3 |  4- 6 |  7- 9 || total
---------------------------+-------+-------+-------++-------
  Melee: Dagger            |       |    11 |     5 ||    16
   Fire: Sling             |   102 |   125 |   316 ||   543
   Cast: Slow              |     3 |       |     4 ||     7
  Evoke: Piece from Xom's  |       |     3 |       ||     3
         Wand              |       |       |    10 ||    10
    Use: Potion            |       |       |     4 ||     4
   Stab: Paralysed         |       |     5 |       ||     5
         Petrified         |       |     3 |       ||     3
         Sleeping          |       |     1 |       ||     1
 Armour: Leather armour    |    12 |    13 |    55 ||    80
  Dodge: Dodged            |    22 |    28 |    79 ||   129

Levels and vault maps discovered:
D:1:      onia_arrival_mini_maze, layout_loops_ring, minmay_misc_feat_roman
D:2:      layout_basic, hellmonk_ecumenical_altar_heavens_door, minmay_between,
          uniq_sigmund
D:3:      wad_river_or_something, layout_rooms, minmay_tree_intersection,
          uniq_jessica
D:4:      layout_gridville, lemuel_round_altar, grunt_temple_overflow_open,
          minmay_temple_entry_fiery, uniq_grinder
D:5:      layout_basic, minmay_joined_circles
D:6:      layout_gridville, mainiacjoe_overflow_catwalk, serial_shops, shop,
          nicolae_shop_temple_entry_statues_fountains, nicolae_shop_waterfront,
          nicolae_shop_stone, uniq_prince_ribbit1, uniq_duvessa, uniq_maggie
Temple:   nicolae_temple_bog_church

Notes
Turn   | Place    | Note
-------+----------+-------------------------------------------
     0 | D:1      | Jeffwins the Human Wanderer began the quest for the Orb.
     0 | D:1      | Jeffwins set off with the following items: a +2 sling, a
                  | piece from Xom's chessboard (15/15), a potion of attraction
                  | {!q}, a +0 robe; and the following spell memorised: Slow;
                  | and the following spells available to memorise: Summon
                  | Guardian Golem.
     0 | D:1      | Reached XP level 1. HP: 13/13 MP: 2/2
   178 | D:1      | Reached XP level 2. HP: 19/19 MP: 3/3
   443 | D:1      | Reached XP level 3. HP: 24/24 MP: 4/4
   504 | D:1      | Reached skill level 1 in Stealth
  1128 | D:2      | Reached XP level 4. HP: 23/30 MP: 2/5
  1194 | D:2      | Reached skill level 1 in Ice Magic
  1410 | D:2      | Found a faded altar of an unknown god.
  1521 | D:2      | Noticed Sigmund
  1536 | D:2      | Killed Sigmund
  1537 | D:2      | Reached skill level 6 in Ranged Weapons
  1537 | D:2      | Reached skill level 2 in Stealth
  1537 | D:2      | Reached skill level 2 in Hexes
  1537 | D:2      | Reached skill level 2 in Ice Magic
  1537 | D:2      | Reached XP level 5. HP: 31/35 MP: 6/6
  1537 | D:2      | Reached XP level 6. HP: 37/41 MP: 7/7
  1979 | D:3      | Reached skill level 3 in Ice Magic
  2219 | D:3      | Noticed Jessica
  2222 | D:3      | Killed Jessica
  2511 | D:4      | Reached skill level 4 in Evocations
  2511 | D:4      | Reached XP level 7. HP: 46/46 MP: 8/8
  2710 | D:4      | Reached skill level 3 in Stealth
  2794 | D:4      | Found a staircase to the Ecumenical Temple.
  3048 | Temple   | Entered the Ecumenical Temple
  3199 | Temple   | Became a worshipper of Vehumet
  3268 | D:4      | Reached skill level 4 in Ice Magic
  3268 | D:4      | Reached XP level 8. HP: 33/52 MP: 10/10
  3347 | D:4      | Noticed Grinder
  3374 | D:4      | HP: 5/52 [Grinder (5)]
  3374 | D:4      | HP: 2/52 [Grinder (3)]
  3376 | D:4      | Killed Grinder
  3377 | D:4      | Reached skill level 7 in Ranged Weapons
  3377 | D:4      | Reached skill level 2 in Spellcasting
  3724 | D:4      | Found a bloodstained altar of Trog.
  3725 | D:4      | Found an ancient bone altar of Kikubaaqudgha.
  3726 | D:4      | Found a blossoming altar of Fedhas.
  3727 | D:4      | Found a shimmering altar of Xom.
  3728 | D:4      | Found an opulent altar of Gozag.
  3728 | D:4      | Found an ornate altar of the Wu Jian Council.
  3729 | D:4      | Found a broken altar of Ashenzari.
  3900 | D:4      | Found a stormy altar of Qazlal.
  4031 | D:5      | Entered Level 5 of the Dungeon
  4182 | D:5      | Reached skill level 4 in Stealth
  4240 | D:5      | Reached skill level 5 in Ice Magic
  4364 | D:5      | HP: 5/52 [ogre/+0 giant club (24)]
  4366 | D:5      | Reached skill level 5 in Evocations
  4366 | D:5      | Reached XP level 9. HP: 6/57 MP: 13/13
  4910 | D:5      | Reached * piety under Vehumet
  4910 | D:5      | Offered knowledge of Shock by Vehumet.
  4911 | D:5      | Reached skill level 3 in Spellcasting
  5085 | D:5      | Reached skill level 8 in Ranged Weapons
  5741 | D:6      | Found Opnesok's Antique Armour Shoppe.
  5751 | D:6      | Bought an ichor-stained ring mail for 288 gold pieces
  5751 | D:6      | Identified the +0 ring mail "Ralai" {Int+4} (You bought it
                  | in a shop on level 6 of the Dungeon)
  5786 | D:6      | Noticed Maggie
  5830 | D:6      | Reached skill level 6 in Ice Magic
  5884 | D:6      | HP: 2/57 [something (5)]
  5886 | D:6      | Slain by a sky beast

Vanquished Creatures
  Grinder (D:4)
  Sigmund (D:2)
  A black bear (D:4)
  2 ogres (D:5)
  2 phantoms
  4 scorpions
  A howler monkey (D:5)
  5 orc priests
  2 jellies (D:5)
  2 hounds (D:5)
  Jessica (D:3)
  A sleepcap (D:5)
  4 iguanas
  7 orc wizards
  12 adders
  A shadow imp (D:5)
  4 worms
  3 dart slugs
  16 orcs
  6 bats
  8 endoplasms
  4 giant cockroaches
  15 hobgoblins
  3 jackals
  8 quokkas
  4 ball pythons
  A frilled lizard (D:3)
  8 goblins
  3 kobolds
  6 rats
136 creatures vanquished.

Table legend: (Time is in decaauts)
 A = Elapsed time spent in this place.
 B = Non-inter-level travel time spent in this place.
 C = Inter-level travel time spent in this place.
 D = Time resting spent in this place.
 E = Time spent auto-exploring this place.
 F = Levels seen in this place.
 G = Mean time per level.
                   A        B        C        D        E       F      G
               +--------+--------+--------+--------+--------+-----+--------+
         Total |   5932 |   5674 |    258 |    657 |   3843 |   7 |  847.4 |
       Dungeon |   5758 |   5529 |    229 |    657 |   3710 |   6 |  959.7 |
        Temple |    174 |    146 |     28 |      0 |    133 |   1 |  174.0 |
               +--------+--------+--------+--------+--------+-----+--------+

Top non-repeatable levels by time:
     D:4: 1451 daAuts
     D:5: 1413 daAuts
     D:3: 1021 daAuts
     D:2: 883 daAuts
     D:1: 796 daAuts
     D:6: 192 daAuts
  Temple: 174 daAuts

Table legend:
 A = Non-vault XP
 B = Vault XP
 C = Vault XP percentage of total XP
 D = Non-vault monster count
 E = Vault monster count
 F = Vault count percentage of total count
                 A         B        C        D         E       F
            +---------+---------+-------+---------+---------+-------
      Total |    1410 |    1314 |  48.2 |     104 |      32 |  23.5
            +---------+---------+-------+---------+---------+-------
        D:1 |      33 |       0 |   0.0 |      20 |       0 |   0.0
        D:2 |      67 |     254 |  79.1 |      16 |       7 |  30.4
        D:3 |      85 |      68 |  44.4 |      25 |       9 |  26.5
        D:4 |     806 |     384 |  32.3 |      25 |       2 |   7.4
        D:5 |     331 |     608 |  64.7 |      14 |      14 |  50.0
        D:6 |      88 |       0 |   0.0 |       4 |       0 |   0.0
            +---------+---------+-------+---------+---------+-------
